SKY
FRESNO FALCONS @ LAS VEGAS KNIGHTS
10/06/2052
 
TOP OF THE 1ST
Fresno Falcons batting - Pitching for Las Vegas Knights : LHP Gus Santoyo
Pitching: LHP Gus Santoyo
Batting: RHB Zach Pryor 0-0: Ball
1-0: Ball
2-0: Called Strike
2-1: Ball
3-1: Base on Balls
Batting: RHB Christopher Cazares 0-0: Ball
1-0: Foul Ball, location: 2F
1-1: Ball
Zach Pryor is caught stealing 2nd base 2-4
2-1: Called Strike
2-2: Fly out, F2 (Popup, 2LF, EV 95.0 MPH)
Batting: RHB Hunter Poll 0-0: Ground out 5-3 (Groundball, 56S, EV 84.4 MPH)
Top of the 1st over - 0 runs, 0 hits, 0 errors, 0 left on base; Fresno 0 - Las Vegas 0
BOTTOM OF THE 1ST
Las Vegas Knights batting - Pitching for Fresno Falcons : LHP Gabriel Nova
Pitching: LHP Gabriel Nova
Batting: RHB Jonathan Madriz 0-0: Swinging Strike
0-1: Foul Ball, location: 5F
0-2: Single, Error in OF, E7, batter to second base (Line Drive, 7S, EV 96.9 MPH)
Batting: RHB Richard Gittens 0-0: Foul Ball, location: 5F
0-1: Foul Ball, location: 2F
0-2: Foul Ball, location: 2F
0-2: Ball
1-2: Ground out 5-3 (Groundball, 56S, EV 82.5 MPH)
Jonathan Madriz to third
Batting: RHB Tyler Sexton 0-0: Ball
1-0: Ball
2-0: Called Strike
2-1: Foul Ball, location: 3F
2-2: Ball
3-2: Foul Ball, location: 9LMF
3-2: Foul Ball, location: 5FF
3-2: Base on Balls
Batting: RHB Sam Graham 0-0: Ball
1-0: Foul Ball, location: 2F
1-1: Foul Ball, location: 3DF
1-2: Ball
2-2: Foul Ball, location: 2F
2-2: Ball
3-2: 3-RUN HOME RUN (Flyball, 7D, EV 98.8 MPH), Distance : 386 ft
Batting: RHB Jackson Dziedzic 0-0: Ball
1-0: Ball
2-0: Called Strike
2-1: SINGLE (Line Drive, 9S, EV 109.4 MPH)
Batting: SHB Cooper Maciel 0-0: Ball
1-0: Foul Ball, location: 5FF
1-1: Ball
2-1: Ball
3-1: Fly out, F8 (Line Drive, 8RD, EV 88.8 MPH)
Batting: LHB John LaBelle 0-0: Ball
1-0: Ball
2-0: Fly out, F8 (Flyball, 78D, EV 86.3 MPH)
Bottom of the 1st over - 3 runs, 3 hits, 1 error, 1 left on base; Fresno 0 - Las Vegas 3
TOP OF THE 2ND
Fresno Falcons batting - Pitching for Las Vegas Knights : LHP Gus Santoyo
Batting: RHB Apolo Tussey 0-0: Ball
1-0: Called Strike
1-1: Ball
2-1: Called Strike
2-2: Strikes out swinging
Batting: RHB Jack Montemayor 0-0: Foul Ball, location: 2F
0-1: Fly out, F8 (Flyball, 8LM, EV 93.8 MPH)
Batting: RHB Pan Siena 0-0: Called Strike
0-1: Swinging Strike
0-2: Foul Ball, location: 5F
0-2: Ground out 6-3 (Groundball, 6MS, EV 69.4 MPH)
Top of the 2nd over - 0 runs, 0 hits, 0 errors, 0 left on base; Fresno 0 - Las Vegas 3
BOTTOM OF THE 2ND
Las Vegas Knights batting - Pitching for Fresno Falcons : LHP Gabriel Nova
Batting: RHB Jamar Richardson 0-0: Ball
1-0: Ball
2-0: Foul Ball, location: 5F
2-1: Ball
3-1: Base on Balls
Batting: SHB David Aoki 0-0: Foul Ball, location: 2F
0-1: Foul Ball, location: 25FF
0-2: Grounds into double play, 5-4-3 (Groundball, 25, EV 91.3 MPH)
Batting: RHB Jonathan Madriz 0-0: Foul Ball, location: 2F
0-1: Foul Ball, location: 2F
0-2: Ball
1-2: Ball
2-2: Ball
3-2: Base on Balls
Batting: RHB Richard Gittens 0-0: Ball
Wild Pitch!
Jonathan Madriz to second
1-0: Ball
2-0: Ground out 6-3 (Groundball, 6, EV 107.5 MPH)
Bottom of the 2nd over - 0 runs, 0 hits, 0 errors, 1 left on base; Fresno 0 - Las Vegas 3
TOP OF THE 3RD
Fresno Falcons batting - Pitching for Las Vegas Knights : LHP Gus Santoyo
Batting: SHB Caleb Rutter 0-0: Called Strike
0-1: Foul Ball, location: 5FF
0-2: SINGLE (Groundball, 56D, EV 99.4 MPH)
Batting: RHB Wendolyn Valdez 0-0: Ball
1-0: Called Strike
1-1: Grounds into double play, 4-6-3 (Groundball, 4M, EV 91.9 MPH)
Batting: RHB José Ángel Ayon 0-0: Ball
1-0: Foul Ball, location: 2F
1-1: Ball
2-1: Ground out 5-3 (Groundball, 56S, EV 81.9 MPH)
Top of the 3rd over - 0 runs, 1 hit, 0 errors, 0 left on base; Fresno 0 - Las Vegas 3
BOTTOM OF THE 3RD
Las Vegas Knights batting - Pitching for Fresno Falcons : LHP Gabriel Nova
Batting: RHB Tyler Sexton 0-0: Called Strike
0-1: Ball
1-1: SOLO HOME RUN (Line Drive, 7LD, EV 91.9 MPH), Distance : 355 ft
Batting: RHB Sam Graham 0-0: Called Strike
0-1: Swinging Strike
0-2: Ball
1-2: Strikes out swinging
Batting: RHB Jackson Dziedzic 0-0: Ball
1-0: Swinging Strike
1-1: Ball
2-1: Foul Ball, location: 3SF
2-2: SINGLE (Flyball, 8RS, EV 96.9 MPH)
Batting: SHB Cooper Maciel 0-0: Called Strike
0-1: Swinging Strike
0-2: Ball
1-2: Ball
2-2: SINGLE (Groundball, 6MD, EV 104.4 MPH)
Jackson Dziedzic to second
Runner from 2nd tries for 3rd, SAFE, no throw by CF
Batting: LHB John LaBelle 0-0: Foul Ball, location: 25FF
0-1: Ball
1-1: Ball
2-1: Swinging Strike
2-2: Foul Ball, location: 2F
2-2: Foul Ball, location: 3F
2-2: Strikes out swinging
Batting: RHB Jamar Richardson 0-0: Ball
1-0: Ball
2-0: Ball
3-0: Base on Balls
Cooper Maciel to second
Batting: SHB David Aoki 0-0: Swinging Strike
0-1: SINGLE (Groundball, 4MD, EV 106.9 MPH)
Jackson Dziedzic scores
Cooper Maciel to third
Jamar Richardson to second
Runner from 3rd tries for Home, SAFE, throw by CF to home
Pitching: RHP Wade Evans
Batting: RHB Jonathan Madriz 0-0: Ball
1-0: Ball
2-0: Foul Ball, location: 2F
2-1: Called Strike
2-2: Strikes out looking
Bottom of the 3rd over - 3 runs, 4 hits, 0 errors, 2 left on base; Fresno 0 - Las Vegas 6
TOP OF THE 4TH
Fresno Falcons batting - Pitching for Las Vegas Knights : LHP Gus Santoyo
Batting: RHB Zach Pryor 0-0: Foul Ball, location: 25FF
0-1: Fly out, F7 (Flyball, 7S, EV 80.6 MPH)
Batting: RHB Christopher Cazares 0-0: Foul Ball, location: 5F
0-1: Ball
1-1: Ball
2-1: Swinging Strike
2-2: SINGLE (Line Drive, 8LS, EV 103.1 MPH)
Batting: RHB Hunter Poll 0-0: Fly out, F7 (Flyball, 7, EV 83.1 MPH)
Batting: RHB Apolo Tussey 0-0: Foul Ball, location: 2F
0-1: Ball
1-1: Fielders Choice at 2nd, 5-4 (Groundball, 56, EV 76.9 MPH)
Top of the 4th over - 0 runs, 1 hit, 0 errors, 1 left on base; Fresno 0 - Las Vegas 6
BOTTOM OF THE 4TH
Las Vegas Knights batting - Pitching for Fresno Falcons : RHP Wade Evans
Batting: RHB Richard Gittens 0-0: Ball
1-0: Called Strike
1-1: SINGLE (Groundball, 13, EV 71.9 MPH) (infield hit)
Batting: RHB Tyler Sexton 0-0: Foul Ball, location: 2F
0-1: Called Strike
0-2: Ball
1-2: Ball
2-2: Strikes out swinging
Batting: RHB Sam Graham 0-0: Called Strike
0-1: Called Strike
0-2: Foul Ball, location: 2F
0-2: Fly out, F7 (Flyball, 78D, EV 98.1 MPH)
Batting: RHB Jackson Dziedzic 0-0: Ball
1-0: Foul Ball, location: 25FF
1-1: DOUBLE (Line Drive, 7LM, EV 99.4 MPH)
Richard Gittens to third
Batting: SHB Cooper Maciel 0-0: Foul Ball, location: 3F
0-1: Fly out, F9 (Flyball, 9LM, EV 87.5 MPH)
Bottom of the 4th over - 0 runs, 2 hits, 0 errors, 2 left on base; Fresno 0 - Las Vegas 6
TOP OF THE 5TH
Fresno Falcons batting - Pitching for Las Vegas Knights : LHP Gus Santoyo
Batting: RHB Jack Montemayor 0-0: SINGLE (Groundball, 56D, EV 109.4 MPH)
Batting: RHB Pan Siena 0-0: Called Strike
0-1: Ball
1-1: Fly out, F8 (Flyball, 8RD, EV 105.0 MPH)
Batting: SHB Caleb Rutter 0-0: Ball
1-0: Ball
2-0: Called Strike
2-1: Fly out, F8 (Flyball, 8LM, EV 90.6 MPH)
Batting: RHB Wendolyn Valdez 0-0: Called Strike
0-1: Ground out 5-3 (Groundball, 5S, EV 68.8 MPH)
Top of the 5th over - 0 runs, 1 hit, 0 errors, 1 left on base; Fresno 0 - Las Vegas 6
BOTTOM OF THE 5TH
Las Vegas Knights batting - Pitching for Fresno Falcons : RHP Wade Evans
Batting: LHB John LaBelle 0-0: DOUBLE (Flyball, 9LD, EV 93.8 MPH)
Batting: RHB Jamar Richardson 0-0: Ball
1-0: Foul Ball, location: 5F
1-1: Foul Ball, location: 2F
1-2: Ball
2-2: Fly out, F9 (Flyball, 9LS, EV 94.4 MPH)
Batting: SHB David Aoki 0-0: SINGLE (Groundball, 15S, EV 70.0 MPH) (infield hit)
John LaBelle to third
Batting: RHB Jonathan Madriz 0-0: Swinging Strike
0-1: Fly out, F7 (Flyball, 78S, EV 93.1 MPH)
Pitching: RHP Victor Kennedy
Batting: RHB Richard Gittens 0-0: Ball
1-0: Called Strike
1-1: Fly out, F7 (Flyball, 7LD, EV 98.1 MPH)
Bottom of the 5th over - 0 runs, 2 hits, 0 errors, 2 left on base; Fresno 0 - Las Vegas 6
TOP OF THE 6TH
Fresno Falcons batting - Pitching for Las Vegas Knights : LHP Gus Santoyo
Batting: RHB José Ángel Ayon 0-0: Called Strike
0-1: Fly out, F8 (Flyball, 8LD, EV 99.4 MPH)
Batting: RHB Zach Pryor 0-0: Called Strike
0-1: Ground out 5-3 (Groundball, 56S, EV 86.3 MPH)
Batting: RHB Christopher Cazares 0-0: Ball
1-0: Swinging Strike
1-1: Ball
2-1: Foul Ball, location: 25FF
2-2: Strikes out looking
Top of the 6th over - 0 runs, 0 hits, 0 errors, 0 left on base; Fresno 0 - Las Vegas 6
BOTTOM OF THE 6TH
Las Vegas Knights batting - Pitching for Fresno Falcons : RHP Victor Kennedy
Batting: RHB Tyler Sexton 0-0: Swinging Strike
0-1: Ball
1-1: Foul Ball, location: 3F
1-2: Foul Ball, location: 2F
1-2: Strikes out swinging
Batting: RHB Sam Graham 0-0: Called Strike
0-1: Foul Ball, location: 7LSF
0-2: Foul Ball, location: 2F
0-2: Fly out, F6 (Line Drive, 6, EV 65.0 MPH)
Batting: RHB Jackson Dziedzic 0-0: Called Strike
0-1: Ball
1-1: Swinging Strike
1-2: Ball
2-2: Ball
3-2: Foul Ball, location: 9LMFF
3-2: Fly out, F8 (Flyball, 89M, EV 95.6 MPH)
Bottom of the 6th over - 0 runs, 0 hits, 0 errors, 0 left on base; Fresno 0 - Las Vegas 6
TOP OF THE 7TH
Fresno Falcons batting - Pitching for Las Vegas Knights : LHP Gus Santoyo
Batting: RHB Hunter Poll 0-0: Fly out, F8 (Flyball, 89D, EV 85.0 MPH)
Batting: RHB Apolo Tussey 0-0: Called Strike
0-1: SINGLE (Groundball, 6MD, EV 93.8 MPH)
Batting: RHB Jack Montemayor 0-0: Foul Ball, location: 9LSF
0-1: Ball
1-1: Ball
2-1: Ball
3-1: Called Strike
3-2: SINGLE (Line Drive, 56, EV 98.8 MPH)
Apolo Tussey to second
Batting: RHB Pan Siena 0-0: Ball
1-0: Foul Ball, location: 3F
1-1: Fly out, F6 (Popup, 6M, EV 54.4 MPH)
Batting: SHB Caleb Rutter 0-0: Foul Ball, location: 2F
0-1: TRIPLE (Flyball, 78XD, EV 107.5 MPH)
Apolo Tussey scores
Jack Montemayor scores
Batting: RHB Wendolyn Valdez 0-0: Ball
1-0: Ball
2-0: SINGLE (Flyball, 7LS, EV 97.5 MPH)
Caleb Rutter scores
Batting: RHB José Ángel Ayon 0-0: Called Strike
0-1: Foul Ball, location: 2F
0-2: Foul Ball, location: 2F
0-2: Ball
1-2: Ball
2-2: Ground out 4-3 (Groundball, 4, EV 78.8 MPH)
Top of the 7th over - 3 runs, 4 hits, 0 errors, 1 left on base; Fresno 3 - Las Vegas 6
BOTTOM OF THE 7TH
Las Vegas Knights batting - Pitching for Fresno Falcons : RHP Victor Kennedy
Batting: SHB Cooper Maciel 0-0: Foul Ball, location: 7LMF
0-1: Ball
1-1: Fly out, F9 (Flyball, 9D, EV 107.5 MPH)
Batting: LHB John LaBelle 0-0: Ground out 4-3 (Groundball, 4, EV 80.6 MPH)
Batting: RHB Jamar Richardson 0-0: Called Strike
0-1: Ball
1-1: Foul Ball, location: 9LDF
1-2: Fly out, F8 (Flyball, 8RM, EV 80.0 MPH)
Bottom of the 7th over - 0 runs, 0 hits, 0 errors, 0 left on base; Fresno 3 - Las Vegas 6
TOP OF THE 8TH
Fresno Falcons batting - Pitching for Las Vegas Knights : LHP Gus Santoyo
Batting: RHB Zach Pryor 0-0: Swinging Strike
0-1: Ball
1-1: Foul Ball, location: 25FF
1-2: Ball
2-2: Ball
3-2: Ground out 5-3 (Groundball, 56, EV 101.9 MPH)
Batting: RHB Christopher Cazares 0-0: Foul Ball, location: 2F
0-1: Swinging Strike
0-2: Ball
1-2: Foul Ball, location: 2F
1-2: Ball
2-2: Foul Ball, location: 9LMF
2-2: Ball
3-2: Fly out, F8 (Flyball, 8RD, EV 91.9 MPH)
Pitching: RHP William Britt
Pinch Hitting: LHB Connor Pla 0-0: Called Strike
0-1: Ball
1-1: Fly out, F5 (Popup, 25F, EV 88.8 MPH)
Top of the 8th over - 0 runs, 0 hits, 0 errors, 0 left on base; Fresno 3 - Las Vegas 6
BOTTOM OF THE 8TH
Las Vegas Knights batting - Pitching for Fresno Falcons : RHP Victor Kennedy
Pitching: RHP Jared Bernath
Now in RF: Connor Pla
Batting: SHB David Aoki 0-0: Called Strike
0-1: Called Strike
0-2: Strikes out looking
Batting: RHB Jonathan Madriz 0-0: Called Strike
0-1: Ball
1-1: Ball
2-1: Ball
3-1: Base on Balls
Batting: RHB Richard Gittens 0-0: Ball
1-0: Fly out, F7 (Flyball, 7D, EV 92.5 MPH)
Batting: RHB Tyler Sexton 0-0: Ball
1-0: Ball
2-0: Ball
3-0: Called Strike
3-1: Base on Balls
Jonathan Madriz to second
Batting: RHB Sam Graham 0-0: Called Strike
0-1: Swinging Strike
0-2: Ball
1-2: Strikes out swinging
Bottom of the 8th over - 0 runs, 0 hits, 0 errors, 2 left on base; Fresno 3 - Las Vegas 6
TOP OF THE 9TH
Fresno Falcons batting - Pitching for Las Vegas Knights : RHP William Britt
Pitching: RHP Stan DeGroat
Batting: RHB Apolo Tussey 0-0: Ball
1-0: Called Strike
1-1: Foul Ball, location: 9LMF
1-2: Foul Ball, location: 2F
1-2: Ground out 6-3 (Groundball, 6, EV 88.1 MPH)
Batting: LHB Juan Oliu 0-0: Ball
1-0: Ball
2-0: Foul Ball, location: 2F
2-1: Fly out, F5 (Popup, 56, EV 82.5 MPH)
Batting: RHB Pan Siena 0-0: Swinging Strike
0-1: Ball
1-1: Ball
2-1: Foul Ball, location: 5F
2-2: Strikes out swinging
Top of the 9th over - 0 runs, 0 hits, 0 errors, 0 left on base; Fresno 3 - Las Vegas 6
Friday, May 10th , 2024 - OOTP Baseball 24.11 Build 85